 Dungeon Crawl Stone Soup version 0.31-a0-166-g46f44d267d (webtiles) character file.

Game seed: 3948140139980775393

249 Essalna the Digger (level 6, -5/39 HPs)
             Began as a Gargoyle Earth Elementalist on June 14, 2023.
             Slain by a gnoll bouda
             ... wielding a +0 club
              (9 damage)
             ... on level 3 of the Dungeon.
             The game lasted 00:03:52 (2297 turns).

Essalna the Digger (Gargoyle Earth Elementalist)    Turns: 2297, Time: 00:03:53

Health: -5/39      AC:  6    Str: 18    XL:     6   Next: 12%
Magic:  8/9        EV: 11    Int: 17    God:
Gold:   124        SH:  0    Dex: 10    Spells: 8/9 levels left

rFire   . . .        c - +0 short sword
rCold   . . .        (no shield)
rNeg    + . .        a - +0 robe
rPois   ∞            (no helmet)
rElec   +            (no cloak)
rCorr   .            (no gloves)
SInv    .            (no boots)
Will    .....        (no amulet)
Stlth   ++           h - +6 ring of strength
HPRegen 0.26/turn    (no ring)
MPRegen 0.11/turn

%: no passive effects
@: weakened
A: sickness immunity, AC +4, negative energy resistance 1, electricity
resistance, torment resistance 1, petrification resistance
a: no special abilities


You were on level 3 of the Dungeon.
You visited 1 branch of the dungeon, and saw 4 of its levels.

You collected 124 gold pieces.

Inventory:

Hand Weapons
 c - a +0 short sword (weapon)
Armour
 a - a +0 robe (worn)
Jewellery
 h - a +6 ring of strength (left hand)
 n - a ring of flight
Wands
 o - a wand of quicksilver (5)
Scrolls
 d - 2 scrolls of revelation {unknown}
 f - a scroll of amnesia {unknown}
 g - a scroll of torment {unknown}
 i - 2 scrolls of poison {unknown}
 j - 2 scrolls of teleportation
 k - 2 scrolls of identify
 l - a scroll of silence {unknown}
Potions
 e - a potion of curing {unknown}
 m - a potion of brilliance {unknown}


   Skills:
 + Level 4.3 Fighting
 - Level 1.5 Dodging
 - Level 2.1 Stealth
 - Level 2.0 Spellcasting
 - Level 0.7 Transmutations
 + Level 6.2 Earth Magic


You had 8 spell levels left.
You knew the following spells:

 Your Spells              Type           Power      Damage    Failure   Level
a - Sandblast             Erth           44%        2d11      1%          1

Your spell library contained the following spells:

 Spells                   Type           Power      Damage    Failure   Level
 Passwall                 Tmut/Erth      10%        N/A       7%          2
 Stone Arrow              Conj/Erth      24%        3d8       16%         3
 Apportation              Tloc           2%         N/A       19%         1
 Freeze                   Ice            4%         1d3       19%         1
 Wereblood                Tmut           4%         N/A       22%         2
 Lesser Beckoning         Tloc           2%         N/A       28%         2
 Petrify                  Tmut/Erth      13%        N/A       43%         4
 Ice Form                 Ice/Tmut       2%         N/A       86%         4
 Dispersal                Tloc           0%         N/A       100%        6
 Summon Hydra             Summ           0%         N/A       100%        7
 Sublimation of Blood     Necr           Unusable   N/A       N/A         2

Dungeon Overview and Level Annotations

Branches:
Dungeon (4/15)
 Temple: D:4-7

Altars:
Elyvilon


Innate Abilities, Weirdness & Mutations

You are immune to sickness and miasma.
Your stone body is resilient. (AC +4)
You are immune to poison.
You resist negative energy. (rN+)
You are resistant to electric shocks. (rElec)
You are resistant to unholy torment.
You are immune to petrification.


Message History

The gnoll bouda is almost dead.
The gnoll bouda misses you.
Casting: Sandblast (safe; 1% risk of failure)
Confirm with . or Enter, or press ? or * to list all spells.
Aiming: Sandblast (safe; 1% risk of failure)
Press: ? - help, Shift-Dir - straight line, f/p - gnoll bouda
Aim: a gnoll bouda, wielding a +0 club and wearing a +0 leather armour (almost dead, 85% to hit)
The blast of sand misses the gnoll bouda.
The gnoll bouda hits you with a +0 club.
The gnoll bouda mumbles some strange prayers to its god.
The gnoll bouda is healed somewhat.
You barely miss the gnoll bouda.
The gnoll bouda is heavily wounded.
The gnoll bouda misses you.
You barely miss the gnoll bouda.
The gnoll bouda is heavily wounded.
The gnoll bouda misses you.
You hit the gnoll bouda but do no damage.
The gnoll bouda is heavily wounded.
The gnoll bouda hits you with a +0 club.
You closely miss the gnoll bouda.
The gnoll bouda is heavily wounded.
The gnoll bouda hits you with a +0 club.
You hit the gnoll bouda but do no damage.
The gnoll bouda is heavily wounded.
The gnoll bouda hits you with a +0 club!
* * * LOW HITPOINT WARNING * * *
Magic courses through your body.
The gnoll bouda gazes fiercely through you!
You feel your attacks grow feeble.
The gnoll bouda hits you but does no damage.
Casting: Sandblast (safe; 1% risk of failure)
Confirm with . or Enter, or press ? or * to list all spells.
Aiming: Sandblast (safe; 1% risk of failure)
Press: ? - help, Shift-Dir - straight line, f/p - gnoll bouda
Aim: a gnoll bouda, wielding a +0 club and wearing a +0 leather armour (heavily wounded, 85% to hit)
The blast of sand hits the gnoll bouda but does no damage.
The gnoll bouda is heavily wounded.
The gnoll bouda hits you with a +0 club!
You die...

#># #.#.# #.# #.#.#
#.# #.#)# #.# #.#.#
####.# #.#.# .....#
#.#.# ###### #.#.#
######.#.########
#......#......@g#
#.#############.#
###.## #.# .....#
#.# ###..# #.#
#..############.#
###...............#
....###############
#####


You could see a gnoll bouda.

Vanquished Creatures
  Sigmund (D:2)
  3 adders
  A worm (D:3)
  2 dart slugs
  An orc (D:3)
  6 ball pythons
  4 endoplasms
  4 giant cockroaches
  5 goblins
  5 kobolds
  5 quokkas
  5 bats
  4 frilled lizards
  8 rats
54 creatures vanquished.

Notes
Turn   | Place    | Note
-------+----------+-------------------------------------------
     0 | D:1      | Essalna the Gargoyle Earth Elementalist began the quest for
                  | the Orb.
     0 | D:1      | Reached XP level 1. HP: 10/10 MP: 3/3
   104 | D:1      | Reached skill level 1 in Fighting
   119 | D:1      | Reached skill level 4 in Earth Magic
   119 | D:1      | Reached XP level 2. HP: 16/16 MP: 3/5
   205 | D:1      | Got the Handbook of the Crystallized Wayfarer
   610 | D:1      | Reached XP level 3. HP: 21/21 MP: 4/6
   775 | D:2      | Noticed Sigmund
   948 | D:2      | Killed Sigmund
   949 | D:2      | Reached skill level 5 in Earth Magic
   949 | D:2      | Reached XP level 4. HP: 29/29 MP: 2/7
   949 | D:2      | Reached XP level 5. HP: 33/33 MP: 2/8
  1488 | D:3      | Reached skill level 6 in Earth Magic
  1552 | D:3      | Found a white marble altar of Elyvilon.
  1580 | D:3      | Reached XP level 6. HP: 38/38 MP: 6/9
  2297 | D:3      | Slain by a gnoll bouda

Illustrated notes

Levels and vault maps discovered:
D:1:      eino_arrival_water_cross, layout_rooms, serial_curves, eino_curves_02,
          eino_curves_04
D:2:      layout_rooms, minivault_19, uniq_sigmund
D:3:      layout_loops_ring, elyvilon_altar_5, grunt_decor_resistance
D:4:      layout_loops_ring, temple_pool_b, grunt_ministairs_6,
          roderic_st_hans_cross, nicolae_stop_n_shop_2, minmay_between,
          uniq_pikel

Skill      XL: |  1  2  3  4  5 |
---------------+----------------+-----
Fighting       | 1 3 4 |  4.3
Earth Magic    | 4 5 6 |  6.2
Dodging        | |  1.5
Stealth        | |  2.1
Spellcasting   | |  2.0
Transmutations | |  0.7

Action                     |  1- 3 |  4- 6 || total
---------------------------+-------+-------++-------
  Melee: Short sword       |     1 |     5 ||     6
   Cast: Sandblast         |    40 |    50 ||    90
    Use: Scroll            |     2 |       ||     2
         Potion            |     1 |     1 ||     2
 Armour: Robe              |    11 |     5 ||    16
  Dodge: Dodged            |    12 |    10 ||    22

Table legend: (Time is in decaauts)
 A = Elapsed time spent in this place.
 B = Non-inter-level travel time spent in this place.
 C = Inter-level travel time spent in this place.
 D = Time resting spent in this place.
 E = Time spent auto-exploring this place.
 F = Levels seen in this place.
 G = Mean time per level.
                   A        B        C        D        E       F      G
               +--------+--------+--------+--------+--------+-----+--------+
         Total |   2342 |   2237 |    105 |     20 |   1871 |   4 |  585.5 |
       Dungeon |   2342 |   2237 |    105 |     20 |   1871 |   4 |  585.5 |
               +--------+--------+--------+--------+--------+-----+--------+

Top non-repeatable levels by time:
     D:1: 925 daAuts
     D:3: 832 daAuts
     D:2: 569 daAuts
     D:4: 14 daAuts
